 Dungeon Crawl Stone Soup version 0.23.2-40-g277498a001 (webtiles) character file.

Game seed: 13058517548080702228

3787 Baz the Sneak (level 9, -5/69 HPs)
             Began as a Mummy Enchanter on June 25, 2019.
             Was an Elder of Okawaru.
             Slain by a two-headed ogre
             ... wielding a +0 giant club
              (28 damage)
             ... on level 10 of the Dungeon on Aug 13, 2019.
             The game lasted 00:28:43 (14453 turns).

Baz the Sneak (Mummy Enchanter)                    Turns: 14453, Time: 00:28:44

Health: -5/69      AC:  4    Str: 13    XL:     9   Next: 95%
Magic:  10/13      EV: 12    Int: 21    God:    Okawaru [****..]
Gold:   424        SH:  5    Dex: 18    Spells: 1/14 levels left

rFire    x . .     SeeInvis .   t - +1 dagger (venom)
rCold    + . .     Gourm    .   k - +0 buckler
rNeg     + + +     Faith    +   d - +0 leather armour
rPois    ∞         Spirit   .   q - +1 hat of the Soldier {*Contam rN+ Dex+6 Slay-3}
rElec    .         Reflect  .   (no cloak)
rCorr    .         Harm     .   (no gloves)
MR       +....                  (no boots)
Stlth    +++.......             j - amulet of faith
HPRegen  0.21/turn              e - +5 ring of intelligence
MPRegen  0.13/turn              c - ring of attention (curse)

@: no status effects
A: no food or potions, fire vulnerability, cold resistance 1, negative energy
resistance 3, torment resistance, unbreathing
a: Heroism, Renounce Religion


You were on level 10 of the Dungeon.
You worshipped Okawaru.
Okawaru was greatly pleased with you.
You were not hungry.

You visited 1 branch of the dungeon, and saw 10 of its levels.

You collected 424 gold pieces.

Inventory:

Hand Weapons
 a - a +1 dagger
 i - a +0 rapier
 t - a +1 dagger of venom (weapon)
Armour
 b - a +0 robe
 d - a +0 leather armour (worn)
 k - a +0 buckler (worn)
 q - the +1 hat of the Soldier (worn) {*Contam rN+ Dex+6 Slay-3}
   (You found it on level 7 of the Dungeon)

   It affects your dexterity (+6).
   It affects your accuracy and damage with ranged weapons and melee attacks
   (-3).
   It protects you from negative energy.
   It causes magical contamination when unequipped.
Jewellery
 c - a cursed ring of attention (right hand)
 e - a +5 ring of intelligence (left hand)
 f - an uncursed ring of resist corrosion
 g - a +3 ring of evasion
 j - an amulet of faith (around neck)
 r - a +1 ring of slaying {unknown}
Wands
 n - a wand of paralysis (4)
 o - a wand of iceblast (8)
Scrolls
 h - 2 scrolls of enchant weapon
 l - a scroll of enchant armour {unknown}
 m - a scroll of magic mapping
 p - a scroll of immolation {unknown}
 s - a scroll of holy word


   Skills:
 + Level 6.0 Fighting
 + Level 5.4 Short Blades
 - Level 1.5 Dodging
 * Level 7.2 Stealth
 - Level 4.0 Shields
 - Level 3.0 Spellcasting
 + Level 6.6 Hexes


You had one spell level left.
You knew the following spells:

 Your Spells              Type           Power        Failure   Level  Hunger
a - Corona                Hex            ####...      1%          1    N/A
b - Ensorcelled Hibernat  Hex/Ice        ###...       7%          2    N/A
c - Confuse               Hex            ####....     3%          3    N/A
d - Tukima's Dance        Hex            ####....     3%          3    N/A
e - Cause Fear            Hex            ####......   11%         4    N/A

Your spell library contained the following spells:

 Spells                   Type           Power        Failure   Level  Hunger
 Slow                     Hex            ####....     1%          2    N/A
 Dazzling Spray           Conj/Hex       ###...       13%         3    N/A
 Inner Flame              Hex/Fire       ###.....     13%         3    N/A
 Portal Projectile        Hex/Tloc       ###...       13%         3    N/A
 Leda's Liquefaction      Hex/Erth       ###.......   41%         4    N/A

Dungeon Overview and Level Annotations

Branches:
Dungeon (11/15)            Temple (0/1) D:5
   Lair: D:8-11         Orc: D:9-12

Altars:
Ashenzari
Dithmenos
Elyvilon
Okawaru
Qazlal
Sif Muna
Trog
Uskayaw
Wu Jian
Xom
Zin

Annotations:
D:3 1 runed translucent door, Syrassil's ghost, amateur HOFi
D:7 exclusion: downstairs


Innate Abilities, Weirdness & Mutations

You do not eat or drink.
Your flesh is vulnerable to fire.
You are immune to poison.
Your flesh is cold resistant. (rC+)
You are immune to negative energy. (rN+++)
You are immune to unholy pain and torment.
You can survive without breathing.


Message History

Found a scroll of identify.
There is an open door here.
A two-headed ogre comes into view.
It is wielding a +0 giant club and a +0 giant spiked club.
You see here a scroll of identify.
The two-headed ogre shouts in stereo!
Casting: Ensorcelled Hibernation (safe; 7% risk of failure)
Confirm with . or Enter, or press ? or * to list all spells.
Aiming: Confuse (safe; 3% risk of failure)
Press: ? - help, Shift-Dir - straight line, f - two-headed ogre
Aim: a two-headed ogre, wielding a +0 giant club and a +0 giant spiked club (chance to defeat MR: 42%)
The two-headed ogre appears confused.
You hit the two-headed ogre but do no damage.
The two-headed ogre is poisoned.
The two-headed ogre hits you with a +0 giant club!
The two-headed ogre hits you with a +0 giant spiked club!!
You hit the two-headed ogre but do no damage.
The two-headed ogre looks as sick as possible!
The two-headed ogre is lightly wounded.
The two-headed ogre hits you with a +0 giant club!!
You die...

########...#
+......#...#
#......'...#
#......#...#
#......#...#
####......#..##
#.....?...#..#
#.......###..#
#......@#....#
#......O#....#
#.......###..#
#........ #..#
#...#.........#..#
#...#.........#..#
##...#.........#..#
#....#.........#..#
+....###########..#


You could see a two-headed ogre (confused).

Vanquished Creatures
  A two-headed ogre (D:8)
  Grinder (D:3)
  Prince Ribbit (D:7)
  Eustachio (D:4)
  A hungry ghost (D:7)
  A wyvern (D:11)
  An orc warrior (D:8)
  An ice beast (D:8)
  A sky beast (D:5)
  2 phantoms
  4 ogres
  2 centaurs (D:6)
  A big kobold (D:10)
  5 bullfrogs
  A wyvern zombie (D:7)
  2 scorpions (D:5)
  3 howler monkeys
  3 hounds
  3 jellies
  2 bullfrog skeletons
  4 orc priests
  A centaur skeleton (D:4)
  A gnoll shaman (D:4)
  4 orc wizards
  3 worker ants
  2 iguanas (D:7)
  Terence (D:2)
  2 hound skeletons
  A howler monkey skeleton (D:6)
  10 gnolls
  9 adders
  An ooze (D:2)
  2 worms
  A dart slug (D:2)
  6 leopard geckos
  26 orcs
  12 bats
  6 giant cockroaches
  12 goblins
  8 hobgoblins
  21 jackals
  7 kobolds
  4 quokkas
  5 frilled lizards
  2 leopard gecko skeletons
  2 quokka skeletons
  10 rats
200 creatures vanquished.

Notes
Turn   | Place    | Note
-------+----------+-------------------------------------------
     0 | D:1      | Baz the Mummy Enchanter began the quest for the Orb.
     0 | D:1      | Reached XP level 1. HP: 13/13 MP: 4/4
   467 | D:1      | Reached XP level 2. HP: 19/19 MP: 6/6
   476 | D:1      | Learned a level 2 spell: Ensorcelled Hibernation
   751 | D:1      | Reached skill level 1 in Short Blades
  1566 | D:1      | Reached XP level 3. HP: 18/24 MP: 0/7
  2596 | D:2      | Noticed Terence
  2598 | D:2      | Reached skill level 3 in Stealth
  2610 | D:2      | Killed Terence
  2818 | D:1      | Learned a level 3 spell: Confuse
  2854 | D:1      | Reached XP level 4. HP: 23/30 MP: 5/8
  3861 | D:3      | Reached skill level 1 in Fighting
  3913 | D:3      | Found a runed translucent door.
  3918 | D:3      | Noticed a bullfrog
  3920 | D:3      | Noticed Syrassil's ghost (amateur HOFi)
  4041 | D:3      | Reached XP level 5. HP: 33/37 MP: 4/9
  4087 | D:3      | Learned a level 3 spell: Tukima's Dance
  4133 | D:3      | Found a white marble altar of Elyvilon.
  4133 | D:3      | Found an ornate altar of the Wu Jian Council.
  4138 | D:3      | Found a faded altar of an unknown god.
  4140 | D:3      | Found a glowing silver altar of Zin.
  4142 | D:3      | Found a shadowy altar of Dithmenos.
  4528 | D:3      | Noticed Grinder
  4753 | D:3      | Paralysed by Grinder for 5 turns
  4763 | D:3      | Killed Grinder
  4763 | D:3      | Reached skill level 4 in Stealth
  4763 | D:3      | Reached XP level 6. HP: 15/45 MP: 2/10
  5003 | D:3      | Noticed a +0 dagger
  5004 | D:3      | Noticed a +0 hand axe
  5010 | D:3      | Found a hide-covered altar of Uskayaw.
  5025 | D:3      | Found a bloodstained altar of Trog.
  6240 | D:4      | Found an iron altar of Okawaru.
  6577 | D:4      | Reached XP level 7. HP: 51/51 MP: 5/11
  6772 | D:3      | Reached skill level 1 in Shields
  7183 | D:5      | Entered Level 5 of the Dungeon
  7235 | D:4      | Became a worshipper of Warmaster Okawaru
  7280 | D:5      | Found a shattered altar of Ashenzari.
  7287 | D:5      | Noticed Eustachio
  7524 | D:4      | Killed Eustachio
  8023 | D:4      | Reached skill level 5 in Hexes
  8023 | D:4      | Reached XP level 8. HP: 39/60 MP: 8/12
  8212 | D:5      | Found a staircase to the Ecumenical Temple.
  8774 | D:5      | Learned a level 4 spell: Cause Fear
  8796 | D:5      | You fall through a shaft!
  8811 | D:6      | Reached skill level 5 in Stealth
  9170 | D:5      | Noticed a moth of wrath
  9173 | D:5      | Found a bloodstained altar of Trog.
  9356 | D:5      | Reached * piety under Okawaru
 10454 | D:6      | Reached ** piety under Okawaru
 10605 | D:6      | Reached XP level 9. HP: 55/67 MP: 10/13
 10917 | D:7      | Noticed Prince Ribbit
 10930 | D:6      | Reached skill level 5 in Fighting
 11906 | D:7      | Killed Prince Ribbit
 12227 | D:7      | Reached skill level 6 in Stealth
 12577 | D:7      | Got a jewelled hat
 12583 | D:7      | Identified the +1 hat of the Soldier {*Contam rN+ Dex+6
                  | Slay-3} (You found it on level 7 of the Dungeon)
 12583 | D:7      | Upgraded the game from 0.23.2-30-g0e89c35649 to
                  | 0.23.2-40-g277498a001
 13141 | D:7      | Found a shimmering altar of Xom.
 13263 | D:8      | Noticed a two-headed ogre
 13408 | D:8      | Found a stormy altar of Qazlal.
 13408 | D:8      | Found a deep blue altar of Sif Muna.
 13428 | D:7      | Reached *** piety under Okawaru
 13428 | D:7      | Reached skill level 5 in Short Blades
 14204 | D:8      | Killed a two-headed ogre
 14204 | D:8      | Reached **** piety under Okawaru
 14204 | D:8      | Reached skill level 7 in Stealth
 14342 | D:8      | You fall through a shaft for 3 floors!
 14358 | D:10     | Entered Level 10 of the Dungeon
 14445 | D:10     | Noticed a two-headed ogre
 14453 | D:10     | Slain by a two-headed ogre

Skill      XL: |  1  2  3  4  5  6  7  8  9 |
---------------+----------------------------+-----
Spellcasting   | 3 |  3.0
Short Blades   | 1 2 3 4 5 |  5.4
Hexes          | 3 4 5 6 |  6.6
Stealth        | 3 4 5 7 |  7.2
Fighting       | 1 2 3 4 6 |  6.0
Shields        | 1 3 4 |  4.0
Dodging        | |  1.5

Action                   |  1- 3 |  4- 6 |  7- 9 || total
-------------------------+-------+-------+-------++-------
Melee: Dagger            |    93 |   164 |   452 ||   709
       Rapier            |       |       |     4 ||     4
 Cast: Corona            |     5 |       |       ||     5
       Ensorcelled Hiber |    29 |    54 |   124 ||   207
       Confuse           |       |    13 |    33 ||    46
       Tukima's Dance    |       |       |     6 ||     6
  Use: Scroll            |       |       |    12 ||    12
 Stab: Sleeping          |    21 |    30 |    61 ||   112
       Confused          |       |     7 |    23 ||    30
       Distracted        |       |       |     1 ||     1
Armor: Robe              |    11 |       |       ||    11
       Leather armour    |     8 |    61 |   102 ||   171
Dodge: Dodged            |    52 |   159 |   272 ||   483
Block: Buckler           |       |       |    36 ||    36
